 Dungeon Crawl Stone Soup version 0.30-a0-672-gc3a7216ad8 (webtiles) character file.

Game seed: 11307611948891801020

2956 wormed the Changer (level 9, -4/55 HPs)
             Began as an Octopode Warper on Jan 19, 2023.
             Was an Initiate of Gozag.
             Killed from afar by Maggie (26 damage)
             ... with a bolt of fire
             ... on level 7 of the Dungeon.
             The game lasted 00:19:34 (7510 turns).

wormed the Changer (Octopode Warper)                Turns: 7510, Time: 00:19:35

Health: -4/55      AC:  2    Str: 11    XL:     9   Next: 81%
Magic:  25/26      EV: 20    Int: 19    God:    Gozag
Gold:   517        SH:  0    Dex: 16    Spells: 12/19 levels left

rFire   . . .      SeeInvis .      - Unarmed
rCold   . . .      Faith    .    (shield currently unavailable)
rNeg    . . .      Spirit   .    (helmet currently unavailable)
rPois   x          Reflect  .    d - amulet of regeneration
rElec   .          Harm     .    c - ring of magical power
rCorr   .          Rampage  .    (no ring)
Will    .....                    (no ring)
Stlth   +                        (no ring)
HPRegen 1.09/turn                (no ring)
MPRegen 0.20/turn                (no ring)
                                 (no ring)
                                 (no ring)

@: spider-form, mesmerised
A: venomous fangs, almost no armour, (amphibious), 8 rings, tiny, (camouflage
1), (gelatinous body 1), (nimble swimmer 1), (tentacles)
a: End Transformation, Renounce Religion, Potion Petition, Call Merchant, Bribe
Branch


You were on level 7 of the Dungeon.
You worshipped Gozag.
Gozag was pleased with you.
You were a venomous arachnid creature.
You visited 2 branches of the dungeon, and saw 9 of its levels.
You also visited: Sewer.

You collected 875 gold pieces.
You spent 234 gold pieces at shops.
You paid 124 gold pieces to Gozag.

Inventory:

Missiles
 b - 2 boomerangs of dispersal (quivered)
 m - 18 poisoned darts
 s - 2 datura-tipped darts
Jewellery
 c - a ring of magical power (left front pincers)
 d - an amulet of regeneration (around neck)
Wands
 o - a wand of flame (6)
Scrolls
 a - 2 scrolls of blinking
 e - 2 scrolls of vulnerability
 h - 2 scrolls of butterflies
 j - 2 scrolls of fear
 k - 4 scrolls of enchant weapon
 u - a scroll of fog
Potions
 f - a potion of invisibility
 g - a potion of ambrosia
 i - a potion of heal wounds
 n - 2 potions of cancellation
 p - 2 potions of lignification
 q - a potion of mutation
 r - a potion of haste {unknown}
 t - a potion of might {unknown}
 v - a potion of curing


   Skills:
 - Level 2.9 Fighting
 - Level 1.0 Throwing
 - Level 3.1 Dodging
 - Level 2.8 Unarmed Combat
 + Level 5.7 Spellcasting
 - Level 3.0 Translocations
 * Level 7.9 Transmutations
 * Level 7.2 Air Magic
 - Level 3.4 Poison Magic


You had 12 spell levels left.
You knew the following spells:

 Your Spells              Type           Power      Damage    Failure   Level
a - Spider Form           Tmut/Pois      27%        N/A       11%         3
b - Wereblood             Tmut           35%        N/A       4%          2
k - Blink                 Tloc           32%        N/A       14%         2

Your spell library contained the following spells:

 Spells                   Type           Power      Damage    Failure   Level
 Beastly Appendage        Tmut           70%        N/A       3%          1
 Vhi's Electric Charge    Tloc/Air       48%        N/A       13%         3
 Lesser Beckoning         Tloc           32%        N/A       14%         2
 Mephitic Cloud           Conj/Pois/Air  19%        N/A       21%         3
 Kindle Blastsparks       Fire/Tloc/Air  36%        2d13      22%         3
 Teleport Other           Tloc           16%        N/A       24%         3
 Foxfire                  Conj/Fire      20%        2x1d5     28%         1
 Magic Dart               Conj           20%        1d4       28%         1
 Slow                     Hex            20%        N/A       28%         1
 Call Imp                 Summ           5%         N/A       36%         2
 Ensorcelled Hibernation  Hex/Ice        10%        N/A       36%         2
 Manifold Assault         Tloc           16%        N/A       54%         4
 Confusing Touch          Hex            5%         N/A       56%         3
 Vampiric Draining        Necr           5%         2d6       56%         3
 Iskenderun's Mystic Bla  Conj/Tloc      11%        2d4       73%         4
 Anguish                  Hex/Necr       2%         N/A       89%         4
 Fulminant Prism          Conj/Hex       2%         3d5       89%         4
 Lee's Rapid Deconstruct  Erth           2%         3d5*      99%         5


Dungeon Overview and Level Annotations

Branches:
Dungeon (8/15)             Temple (1/1) D:5           Sewer (visited)
   Lair: D:8-11

Altars:
Ashenzari
Dithmenos
Elyvilon
Fedhas
Gozag
Hepliaklqana
Makhleb
Nemelex Xobeh
Okawaru
Ru
Sif Muna
Trog
Vehumet
Yredelemnul
Zin

Shops:
D:3 :!   D:7 *

Annotations:
D:7 Maggie


Innate Abilities, Weirdness & Mutations

You are a venomous arachnid creature.
You have venomous fangs.
You are tiny and dextrous.
Your spellcasting is less reliable in this form.
Your armour is entirely melded.
You are incapable of wielding weapons or throwing items.
You cannot wear most types of armour.
((You are amphibious.))
You can wear up to eight rings at the same time.
((Your skin changes colour to match your surroundings (Stealth+).))
((Your rubbery body absorbs attacks. (AC +1, EV +1)))
((You are camouflaged when in or above water. (Stealth+)))
((You have tentacles for arms and can constrict up to eight enemies at once.))


Message History

Maggie is heavily wounded.
Maggie misses you.
You hit Maggie.
Maggie is heavily wounded.
You break out of your daze.
Maggie mumbles some strange words.
Maggie attempts to bespell you! You resist.
You hit Maggie but do no damage.
Maggie looks as sick as possible!
Maggie is heavily wounded.
Maggie closely misses you.
You hit Maggie but do no damage.
Maggie is heavily wounded.
Maggie hits you with a +0 long sword.
You hit Maggie.
Maggie is severely wounded.
Maggie mumbles some strange words.
Maggie attempts to bespell you!
You are mesmerised by Maggie!
You hit Maggie but do no damage.
Maggie is almost dead.
Your primal bloodlust has ended.
Maggie completely misses you.
You hit Maggie but do no damage.
Maggie is almost dead.
Maggie misses you.
You hit Maggie but do no damage.
Maggie is almost dead.
You hit Maggie but do no damage.
Maggie is almost dead.
Maggie misses you.
You barely miss Maggie.
Maggie is almost dead.
Maggie casts a spell at you. The bolt of fire hits you!!
* * * LOW HITPOINT WARNING * * *
You feel much better. Maggie gestures at you while chanting.
The bolt of fire hits you!!
You die...
Your body crumbles into a pile of gold.

##.#.# #_^.^'...#.[.#
#..#.# #..^.###.#.#.#
#.##.# #.#^## #.....#
#.##.# ########....##
##.##.# ####......#
#..##.###### #.#.##....#
#.###......# #.#####.#.#
#.# ######.# #># #.#.#
#.####.###.###s#####.#.##
#)).....##...@..........###
######.#######.....[......#
#.# #######....#.# #.#
#.#.##.# #.# #.#.##.#####
#.# ######.#.##...... #.#
#......#.##.##### #.#
#.######^##.#


You could see Maggie (mesmerising, very poisoned).

Vanquished Creatures
  Grinder (D:6)
  Prince Ribbit (D:6)
  Edmund (D:6)
  A water moccasin (D:7)
  2 sky beasts
  4 ice beasts
  Pargi (Sewer)
  2 black bears (D:6)
  An ogre (D:7)
  A centaur (D:6)
  3 phantoms
  2 bullfrogs
  A scorpion (D:5)
  A necrophage (D:6)
  3 wights (D:6)
  A howler monkey (D:7)
  5 hounds
  A jelly (D:4)
  An orc priest (D:7)
  A gnoll bouda (D:6)
  2 iguanas (D:7)
  5 orc wizards
  9 gnolls
  7 adders
  A shadow imp (D:5)
  A white imp (D:6)
  3 ufetubi
  5 worms
  A dart slug (D:1)
  9 orcs
  4 bats
  5 endoplasms
  5 giant cockroaches
  7 goblins
  10 hobgoblins
  8 kobolds
  6 quokkas
  14 ball pythons
  9 frilled lizards
  5 rats
  A spectral orc (D:7)
151 creatures vanquished.

Vanquished Creatures (others)
  2 plants (D:2)
  5 toadstools (D:2)
7 creatures vanquished.

Grand Total: 158 creatures vanquished

Notes
Turn   | Place    | Note
-------+----------+-------------------------------------------
     0 | D:1      | wormed the Octopode Warper began the quest for the Orb.
     0 | D:1      | Reached XP level 1. HP: 14/14 MP: 3/3
   277 | D:1      | Reached XP level 2. HP: 18/19 MP: 5/5
   285 | D:1      | Learned a level 2 spell: Blink
   565 | D:1      | Found a faded altar of an unknown god.
   833 | D:1      | Reached XP level 3. HP: 25/25 MP: 6/6
  1805 | D:2      | Reached XP level 4. HP: 30/30 MP: 7/7
  1922 | D:2      | Learned a level 3 spell: Spider Form
  1961 | D:3      | Noticed a water moccasin
  1998 | D:3      | Found Olasuyx's Book Shoppe.
  2738 | D:4      | Reached skill level 1 in Poison Magic
  2759 | D:4      | Found a glowing drain.
  2763 | Sewer    | Entered a sewer
  2805 | Sewer    | Noticed Pargi
  2815 | Sewer    | Killed Pargi
  2816 | Sewer    | Reached skill level 1 in Transmutations
  2816 | Sewer    | Reached XP level 5. HP: 29/36 MP: 9/9
  3171 | D:5      | Entered Level 5 of the Dungeon
  3180 | D:5      | Reached XP level 6. HP: 41/41 MP: 10/10
  3370 | D:5      | Reached skill level 1 in Air Magic
  3374 | D:5      | Reached XP level 7. HP: 41/45 MP: 12/12
  3655 | D:5      | Found a bloodstained altar of Trog.
  4169 | D:5      | Found a staircase to the Ecumenical Temple.
  4306 | Temple   | Entered the Ecumenical Temple
  4315 | Temple   | Became a worshipper of Gozag Ym Sagoz the Greedy
  4398 | D:3      | Bought a book of Changes for 234 gold pieces
  4401 | D:3      | Learned a level 2 spell: Wereblood
  4482 | D:3      | Found a shimmering blue altar of Sif Muna.
  4580 | D:3      | Found Kueri's Distillery.
  4662 | D:3      | Got Sif Muna's Elucidation of Fever
  4964 | D:6      | Noticed Grinder
  5091 | D:6      | Reached XP level 8. HP: 48/51 MP: 14/14
  5136 | D:6      | Reached skill level 5 in Transmutations
  5383 | D:6      | Found a shadowy altar of Dithmenos.
  5610 | D:6      | Noticed Prince Ribbit
  5624 | D:6      | Killed Prince Ribbit
  5625 | D:6      | Reached skill level 5 in Air Magic
  5759 | D:6      | Paralysed by Grinder for 5 turns
  5762 | D:6      | Killed Grinder
  5763 | D:6      | Reached skill level 5 in Spellcasting
  5763 | D:6      | Reached XP level 9. HP: 38/55 MP: 16/16
  5951 | D:6      | Found an iron altar of Okawaru.
  6060 | D:6      | Noticed Edmund
  6079 | D:6      | Killed Edmund
  6344 | D:7      | HP: 1/55 [ice beast (14)]
  6469 | D:7      | Found Yrpheichyl's General Store.
  6559 | D:7      | Found a basalt altar of Yredelemnul.
  6654 | D:7      | Noticed Maggie
  7027 | D:7      | Found a sacrificial altar of Ru.
  7133 | D:7      | Found a burning altar of Makhleb.
  7365 | D:8      | Noticed a polar bear
  7509 | D:7      | HP: 2/55 [Maggie/bolt of fire (27)]
  7510 | D:7      | Killed from afar by Maggie

Illustrated notes

Levels and vault maps discovered:
D:1:      psy_arrival_fountain, layout_loops_corners,
          shapermc_ecumenical_altar_flowoftime
D:2:      layout_rooms, minmay_gold_behind_fungi, minmay_shallow_snake_nest
D:3:      layout_rooms, led_sif_book, serial_shops, nicolae_shop_hallway_stairs,
          nicolae_shop_hallway_plus, kennysheep_another_room
D:4:      layout_cave_pools, gup_sewer_entry_bowl
D:5:      layout_basic, mainiacjoe_overflow_boulevard, temple_hall,
          dreamdust_gnoll_farm
D:6:      layout_loops_ring, grunt_dithmenos_shadows,
          mainiacjoe_overflow_concentric_impassable, uniq_edmund, uniq_grinder,
          uniq_prince_ribbit1
D:7:      layout_loops_ring, nicolae_ru_the_path_less_chosen,
          general_overflow_altar, yredelemnul_forgotten_temple_becter,
          serial_shops, nicolae_shop_advertising_works
          [nicolae_subvault_shop_adworks], moated_statue, uniq_maggie
D:8:      layout_rooms, serial_ice, serial_ice_f, serial_ice_k, serial_ice_n,
          serial_ice_a, serial_ice_h, nicolae_figureground_sparkle
Temple:   hellmonk_temple_two_chambers

Skill      XL: |  1  2  3  4  5  6  7  8  9 |
---------------+----------------------------+-----
Dodging        | 3 |  3.1
Poison Magic   | 2 3 |  3.4
Spellcasting   | 3 4 5 |  5.7
Transmutations | 1 2 3 4 6 7 |  7.9
Air Magic      | 1 3 5 7 |  7.2
Fighting       | |  2.9
Throwing       | |  1.0
Unarmed Combat | |  2.8
Translocations | |  3.0

Action                   |  1- 3 |  4- 6 |  7- 9 || total
-------------------------+-------+-------+-------++-------
Melee: Unarmed           |   117 |   142 |   427 ||   686
       Constrict         |    29 |    13 |     4 ||    46
       Tentacles         |    20 |     9 |     4 ||    33
       Punch             |     1 |       |       ||     1
Throw: Boomerang         |     1 |       |     4 ||     5
       Dart              |       |       |     8 ||     8
 Cast: Spider Form       |       |    18 |    53 ||    71
       Blink             |       |     1 |       ||     1
       Wereblood         |       |       |     6 ||     6
 Abil: End Transformatio |       |       |     2 ||     2
  Use: Scroll            |     4 |     5 |     8 ||    17
       Potion            |       |     3 |     2 ||     5
 Stab: Sleeping          |     9 |     1 |       ||    10
Armor: Skin              |     9 |     9 |    23 ||    41
Dodge: Dodged            |    68 |   115 |   384 ||   567

Table legend: (Time is in decaauts)
 A = Elapsed time spent in this place.
 B = Non-inter-level travel time spent in this place.
 C = Inter-level travel time spent in this place.
 D = Time resting spent in this place.
 E = Time spent auto-exploring this place.
 F = Levels seen in this place.
 G = Mean time per level.
                   A        B        C        D        E       F      G
               +--------+--------+--------+--------+--------+-----+--------+
         Total |   7485 |   7001 |    484 |     43 |   4909 |  10 |  748.5 |
       Dungeon |   7213 |   6735 |    478 |     43 |   4710 |   8 |  901.6 |
        Temple |     18 |     12 |      6 |      0 |      0 |   1 |   18.0 |
         Sewer |    253 |    253 |      0 |      0 |    199 |   1 |  253.0 |
               +--------+--------+--------+--------+--------+-----+--------+

Top non-repeatable levels by time:
     D:5: 1350 daAuts
     D:1: 1345 daAuts
     D:6: 1309 daAuts
     D:7: 1024 daAuts
     D:4: 801 daAuts
     D:3: 677 daAuts
     D:2: 676 daAuts
   Sewer: 253 daAuts
     D:8: 27 daAuts
  Temple: 18 daAuts
